 Dungeon Sprint DCSS version 0.26-a0-682-g294304f6e8 (webtiles) character file.

Game seed: 2826334185022860615

18328 mhtbhm the Fencer (level 12, -8/186 HPs)
             Began as a Green Draconian Berserker on Oct 21, 2020.
             Was the Champion of Trog.
             Mangled by Donald
             ... wielding a +4 vorpal eveningstar
              (51 damage)
             ... in the Dungeon (Sprint IX: "|||||||||||||||||||||||||||||").
             The game lasted 00:08:55 (3153 turns).

mhtbhm the Fencer (Green Draconian Berserker)       Turns: 3153, Time: 00:08:55

Health: -8/186     AC: 13    Str: 27    XL:     12   Next: 26%
Magic:  12/12      EV: 19    Int:  9    God:    Trog [******]
Gold:   654        SH:  3    Dex: 10    Spells: 11/11 levels left

rFire    . . .     SeeInvis .   a - +2 double sword (vorpal)
rCold    . . .     Faith    .   A - +0 buckler {rN+}
rNeg     + . .     Spirit   .   (armour unavailable)
rPois    +         Reflect  .   (helmet restricted)
rElec    .         Harm     .   t - +1 cloak
rCorr    .         Rampage  .   i - +1 pair of gloves
MR       .....     NoTele   +   k - +0 pair of boots
Stlth    ..........             (no amulet)
HPRegen  0.41/turn              l - +2 ring of evasion
MPRegen  0.13/turn              m - +3 ring of strength

@: berserking, very quick
A: breathe noxious fumes, unfitting armour, poison resistance, cold-blooded, AC
+8
a: Breathe Noxious Fumes, Berserk, Trog's Hand, Brothers in Arms, Renounce
Religion


You were in the Dungeon.
You worshipped Trog.
Trog was exalted by your worship.
You visited 1 branch You collected 1945 gold pieces.
You spent 1291 gold pieces at shops.

Inventory:

Hand Weapons
 a - a +2 vorpal double sword (weapon)
 q - a +2 scimitar of flaming
 E - a +2 scimitar of holy wrath
 F - the +7 captain's cutlass {speed, disarm}
   (You found it in the Dungeon)

   Attacks with this weapon are significantly faster.
Armour
 i - a +1 pair of gloves (worn)
 k - a +0 pair of boots (worn)
 t - a +1 cloak (worn)
 A - a +0 buckler of positive energy (worn)
Jewellery
 l - a +2 ring of evasion (left hand)
 m - a +3 ring of strength (right hand)
 s - an uncursed amulet of guardian spirit
 B - an uncursed ring of protection from fire
 C - an uncursed ring of see invisible
 D - an uncursed ring of fire
Wands
 j - a wand of acid (6)
 x - a wand of iceblast (11)
Scrolls
 g - a scroll of blinking
 n - 5 scrolls of enchant weapon
 o - 3 scrolls of identify
 p - 2 scrolls of fear
 w - a scroll of enchant armour {unknown}
 H - a scroll of remove curse
Potions
 b - 5 potions of curing
 c - 6 potions of heal wounds
 d - 3 potions of haste
 e - 4 potions of magic
 f - a potion of berserk rage
 h - a potion of invisibility
 r - a potion of stabbing
 u - a potion of resistance
 z - a potion of lignification {unknown}
 G - a potion of might
Miscellaneous
 v - a lightning rod (4/4)


   Skills:
 + Level 16.7 Fighting
 + Level 20.1 Long Blades
 + Level 13.0 Dodging
 + Level 10.1 Stealth
 + Level 4.2 Evocations


You had 11 spell levels left.
You didn't know any spells.
Your spell library was empty.

Dungeon Overview and Level Annotations

Branches:
Dungeon (1/1)

Altars:
Cheibriados
Dithmenos
Elyvilon
Fedhas
Gozag
Hepliaklqana
Kikubaaqudgha
Makhleb
Nemelex Xobeh
Okawaru
Qazlal
Ru
Sif Muna
Trog
Uskayaw
Vehumet
Wu Jian
Xom
Yredelemnul
Zin
The Shining One
Beogh
Jiyva
Lugonu

Shops:
D *[((

Annotations:
D Donald


Innate Abilities, Weirdness & Mutations

You can breathe blasts of noxious fumes.
Your lurid green scales are hard. (AC +8)
You cannot fit into any form of body armour.
Your system is resistant to poisons. (rPois)
You are cold-blooded and may be slowed by cold attacks.


Message History

You feel yourself moving faster!
You feel mighty!
Donald says, "I think I'm starting to get a cough.
I hate that."
Donald hits you with a +4 vorpal eveningstar.
You completely miss Donald. You tail-slap Donald, but do no damage.
Donald barely misses you.
You hit Donald. You tail-slap Donald.
Donald is lightly wounded.
Donald blocks your attack. x2
Donald is lightly wounded.
Donald hits you with a +4 vorpal eveningstar!!
* * * LOW HITPOINT WARNING * * *
x2 You slash Donald!
You tail-slap Donald!
Donald is moderately wounded.
Donald hits you but does no damage. Donald blocks your attack.
Donald is moderately wounded.
You slice Donald!!
Donald is heavily wounded.
Donald hits you with a +4 vorpal eveningstar!!!
You die...

▓...▓...▓...▓...▓
▓.▓.▓.▓.▓.▓.▓.▓.▓
▓.▓.▓.▓.▓.▓.▓.▓'▓
▓.▓.▓.▓.▓.▓.▓.▓.▓
▓.▓.▓.▓.▓.▓'▓.▓.▓
▓.▓.▓.▓.▓.▓.▓.▓)▓
▓.▓.▓.▓.▓.▓.▓.▓.▓
▓.▓.▓.▓.▓.▓[▓.▓.▓
▓@▓.▓.▓.▓.▓[▓.▓)▓
▓@▓'▓.▓'▓.▓[▓.▓)▓
▓.▓.▓.▓.▓.▓.▓.▓.▓
▓.▓[▓.▓.▓.▓.▓.▓.▓
▓.▓)▓.▓.▓.▓.▓.▓.▓
♣.▓.▓.▓.▓.▓'▓.▓.▓
♣.▓.▓.▓.▓.▓.▓.▓.▓
♣.▓.▓.▓∩▓.▓.▓.▓)▓
▓.▓.▓.▓.▓.▓.▓)▓


You could see Donald (fast, strong).

Vanquished Creatures
  A frost giant (D)
  A stone giant (D)
  A great orb of eyes (D)
  2 ogre magi (D)
  A boulder beetle (D)
  A centaur warrior (D)
  A vampire mage (D)
  8 orc knights (D)
  A deep elf mage (D)
  2 ugly things (D)
  8 elephants (D)
  3 cane toads (D)
  A torpor snail (D)
  3 komodo dragons (D)
  A troll (D)
  A wyvern (D)
  2 yaks (D)
  An acid dragon (D)
  5 water moccasins (D)
  2 phantoms (D)
  14 orc warriors (D)
  A sky beast (D)
  2 ogres (D)
  2 wolves (D)
  2 centaurs (D)
  A big kobold (D)
  4 bullfrogs (D)
  2 wights (D)
  A howler monkey (D)
  A hound (D)
  6 orc priests (D)
  6 orc wizards (D)
  A worker ant (D)
  A white imp (D)
  An ooze (D)
  A leopard gecko (D)
  4 orcs (D)
  A bat (D)
  2 goblins (D)
  A frilled lizard (D)
  A leopard gecko simulacrum (D)
101 creatures vanquished.

Notes
Turn   | Place    | Note
-------+----------+-------------------------------------------
     0 | D        | mhtbhm the Draconian Berserker began the quest for the Orb.
     0 | D        | Reached XP level 1. HP: 19/19 MP: 1/1
     9 | D        | Reached ** piety under Trog
    14 | D        | Reached XP level 2. HP: 24/27 MP: 2/2
    48 | D        | Noticed an ogre
    48 | D        | Noticed a phantom
    59 | D        | Killed a phantom
    59 | D        | Reached *** piety under Trog
    59 | D        | Reached skill level 6 in Long Blades
    59 | D        | Reached skill level 5 in Dodging
    59 | D        | Reached XP level 3. HP: 34/38 MP: 3/3
    59 | D        | Reached XP level 4. HP: 41/45 MP: 4/4
    66 | D        | Reached skill level 7 in Long Blades
    66 | D        | Reached XP level 5. HP: 49/52 MP: 5/5
    71 | D        | Killed an ogre
    71 | D        | Reached skill level 8 in Long Blades
   111 | D        | Found a roughly hewn altar of Beogh.
   111 | D        | Found a snail-covered altar of Cheibriados.
   111 | D        | Found a shadowy altar of Dithmenos.
   111 | D        | Found a white marble altar of Elyvilon.
   111 | D        | Found a blossoming altar of Fedhas.
   111 | D        | Found an opulent altar of Gozag.
   112 | D        | Found a hazy altar of Hepliaklqana.
   113 | D        | Found a viscous altar of Jiyva.
   114 | D        | Found an ancient bone altar of Kikubaaqudgha.
   115 | D        | Found a corrupted altar of Lugonu.
   116 | D        | Found a burning altar of Makhleb.
   117 | D        | Found a sparkling altar of Nemelex Xobeh.
   118 | D        | Found an iron altar of Okawaru.
   119 | D        | Found a stormy altar of Qazlal.
   120 | D        | Found a sacrificial altar of Ru.
   121 | D        | Found a shimmering blue altar of Sif Muna.
   122 | D        | Found a bloodstained altar of Trog.
   123 | D        | Found a hide-covered altar of Uskayaw.
   124 | D        | Found a radiant altar of Vehumet.
   125 | D        | Found an ornate altar of the Wu Jian Council.
   126 | D        | Found a shimmering altar of Xom.
   127 | D        | Found a basalt altar of Yredelemnul.
   128 | D        | Found a glowing silver altar of Zin.
   129 | D        | Found a glowing golden altar of the Shining One.
   168 | D        | Noticed a phantom
   168 | D        | Noticed an ogre
   168 | D        | Noticed a wyvern
   172 | D        | Reached **** piety under Trog
   172 | D        | Reached XP level 6. HP: 61/61 MP: 6/6
   179 | D        | Killed a wyvern
   179 | D        | Reached skill level 9 in Long Blades
   181 | D        | Reached skill level 10 in Long Blades
   185 | D        | Your scales start taking on a lurid green colour.
   185 | D        | Reached XP level 7. HP: 70/70 MP: 7/7
   185 | D        | Gained mutation: Your system is resistant to poisons.
                  | (rPois) [Green Draconian growth]
   189 | D        | Reached ***** piety under Trog
   280 | D        | Noticed a deep elf mage
   280 | D        | Noticed a troll
   283 | D        | Reached skill level 11 in Long Blades
   285 | D        | Reached skill level 10 in Fighting
   288 | D        | Killed a troll
   288 | D        | Received a gift from Trog
   288 | D        | Reached XP level 8. HP: 80/80 MP: 8/8
   292 | D        | Killed a deep elf mage
   292 | D        | Reached skill level 12 in Long Blades
   292 | D        | Reached skill level 10 in Dodging
   413 | D        | Noticed a cane toad
   413 | D        | Noticed a komodo dragon
   413 | D        | Noticed a cane toad
   418 | D        | Killed a cane toad
   418 | D        | Reached skill level 13 in Long Blades
   421 | D        | Killed a komodo dragon
   421 | D        | Reached skill level 1 in Stealth
   424 | D        | Reached XP level 9. HP: 89/89 MP: 9/9
   425 | D        | Killed a cane toad
   427 | D        | Noticed a torpor snail
   428 | D        | Reached skill level 14 in Long Blades
   432 | D        | Reached ****** piety under Trog
   439 | D        | Killed a torpor snail
   565 | D        | Noticed a cane toad
   579 | D        | Killed a cane toad
   579 | D        | Received a gift from Trog
   579 | D        | Reached skill level 15 in Long Blades
   581 | D        | Noticed a komodo dragon
   596 | D        | Killed a komodo dragon
   596 | D        | Reached XP level 10. HP: 49/100 MP: 10/10
   784 | D        | Noticed an elephant
   784 | D        | Noticed an elephant
   784 | D        | Noticed an elephant
   784 | D        | Noticed an elephant
   784 | D        | Noticed an elephant
   784 | D        | Noticed an elephant
   790 | D        | Killed an elephant
   790 | D        | Received a gift from Trog
   791 | D        | Noticed an elephant
   795 | D        | Killed an elephant
   795 | D        | Reached skill level 16 in Long Blades
   798 | D        | Killed an elephant
   802 | D        | Killed an elephant
   804 | D        | Noticed an elephant
   808 | D        | Killed an elephant
   814 | D        | Killed an elephant
   818 | D        | Killed an elephant
   823 | D        | Killed an elephant
   823 | D        | Reached skill level 17 in Long Blades
  1113 | D        | Received a gift from Trog
  1127 | D        | Received a gift from Trog
  1182 | D        | Noticed an orc knight
  1182 | D        | Noticed an orc knight
  1185 | D        | Received a gift from Trog
  1189 | D        | Killed an orc knight
  1189 | D        | Reached skill level 5 in Stealth
  1196 | D        | Noticed an orc knight
  1199 | D        | Killed an orc knight
  1199 | D        | Reached XP level 11. HP: 96/111 MP: 6/11
  1209 | D        | Killed an orc knight
  1396 | D        | Found Bash's Weapon Boutique.
  1396 | D        | Noticed an orc knight
  1396 | D        | Noticed an orc knight
  1402 | D        | Found Sankoo's Antique Weapon Shop.
  1405 | D        | Found Zyrricoo's Antique Armour Boutique.
  1405 | D        | Noticed an orc knight
  1406 | D        | Killed an orc knight
  1407 | D        | Noticed an orc knight
  1409 | D        | Killed an orc knight
  1409 | D        | Received a gift from Trog
  1418 | D        | Killed an orc knight
  1418 | D        | Reached skill level 15 in Fighting
  1418 | D        | Reached skill level 18 in Long Blades
  1424 | D        | Killed an orc knight
  1431 | D        | Found Texan's Assorted Antiques.
  1431 | D        | Noticed an orc knight
  1454 | D        | Killed an orc knight
  1454 | D        | Received a gift from Trog
  1454 | D        | Reached skill level 1 in Evocations
  1755 | D        | Bought a scroll of enchant weapon for 135 gold pieces
  1755 | D        | Bought a blackened bone amulet for 90 gold pieces
  1755 | D        | Bought a lightning rod (4/4) for 720 gold pieces
  1755 | D        | Bought a scroll labeled ZIZEAT MISSOD for 18 gold pieces
  1755 | D        | Bought a crooked brass wand for 72 gold pieces
  1755 | D        | Bought a small onyx ring for 90 gold pieces
  1755 | D        | Bought a lumpy sapphire potion for 16 gold pieces
  1765 | D        | Bought a runed buckler for 150 gold pieces
  1920 | D        | Found the +7 captain's cutlass {speed, disarm}
  2027 | D        | Got the cursed +2 battleaxe "Cank" {freeze, Dex+3}
  2059 | D        | Noticed a red ugly thing
  2059 | D        | Noticed a boulder beetle
  2064 | D        | Noticed a centaur warrior
  2069 | D        | Noticed a great orb of eyes
  2078 | D        | Killed a red ugly thing
  2079 | D        | Noticed a stone giant
  2081 | D        | Noticed a white ugly thing
  2083 | D        | Killed a boulder beetle
  2087 | D        | Killed a centaur warrior
  2087 | D        | Noticed a frost giant
  2089 | D        | Noticed an ogre mage
  2091 | D        | Killed a white ugly thing
  2091 | D        | Reached skill level 19 in Long Blades
  2091 | D        | Killed a great orb of eyes
  2421 | D        | Killed a stone giant
  2421 | D        | Received a gift from Trog
  2613 | D        | Killed an ogre mage
  2613 | D        | Reached XP level 12. HP: 99/122 MP: 12/12
  2719 | D        | Killed a frost giant
  3030 | D        | Noticed an ogre mage
  3031 | D        | Noticed a vampire mage
  3037 | D        | Killed an ogre mage
  3037 | D        | Reached skill level 20 in Long Blades
  3048 | D        | Killed a vampire mage
  3048 | D        | Received a gift from Trog
  3048 | D        | Reached skill level 10 in Stealth
  3139 | D        | Noticed Donald
  3153 | D        | Mangled by Donald

Illustrated notes

Levels and vault maps discovered:
D:        linesprint [early_d, line_temple, items_1, d_10, items_2, lair_1,
          lair_end, items_3, orc_1, orc_end, items_4, d_15, swamp_1, shoals_1,
          snake_1, spider_1, d_20, vaults_1, items_5, swamp_end, shoals_end,
          snake_end, spider_end, vaults_end, d_27, items_6, zot_1, zot_end,
          crypt_end, forest_end, elf_end, slime_end, tomb_end, abyss_end,
          pan_hell_end]

Skill      XL: |  1  2  3  4  5  6  7  8  9 10 11 12 |
---------------+-------------------------------------+-----
Fighting       | 4 6 7 8 9 10 11 12 14 16 | 16.7
Dodging        | 3 5 6 7 8 9 10 11 12 13 | 13.0
Long Blades    | 6 7 8 10 11 13 15 17 19 20 | 20.1
Stealth        | 1 2 5 9 10 | 10.1
Evocations     | 3 4 |  4.2

Action                   |  1- 3 |  4- 6 |  7- 9 | 10-12 || total
-------------------------+-------+-------+-------+-------++-------
Melee: Falchion          |    19 |    14 |       |       ||    33
       Tailslap          |     1 |     4 |    13 |    38 ||    56
       Scimitar          |       |    16 |    58 |    69 ||   143
       Double sword      |       |       |       |    55 ||    55
       Triple sword      |       |       |       |    30 ||    30
Invok: Berserk           |     1 |     1 |     3 |     7 ||    12
 Abil: Breathe Noxious F |       |       |     3 |    10 ||    13
Evoke: Wand              |       |       |       |     4 ||     4
       Lightning rod     |       |       |       |     7 ||     7
  Use: Potion            |       |       |       |     4 ||     4
       Scroll            |       |       |       |     3 ||     3
 Stab: Confused          |       |       |     2 |    12 ||    14
       Sleeping          |       |       |       |     1 ||     1
Armor: Skin              |     4 |     2 |     3 |    11 ||    20
Dodge: Dodged            |    10 |    16 |    28 |    76 ||   130
Block: Buckler           |       |       |       |     3 ||     3
       Rpst.: Falchion   |     5 |     2 |       |       ||     7
       Scimitar          |       |     2 |     9 |     6 ||    17
       Triple sword      |       |       |       |     4 ||     4
       Double sword      |       |       |       |     4 ||     4

Table legend: (Time is in decaauts)
 A = Elapsed time spent in this place.
 B = Non-inter-level travel time spent in this place.
 C = Inter-level travel time spent in this place.
 D = Time resting spent in this place.
 E = Time spent auto-exploring this place.
 F = Levels seen in this place.
 G = Mean time per level.
                   A        B        C        D        E       F      G
               +--------+--------+--------+--------+--------+-----+--------+
         Total |   3160 |   3160 |      0 |   1695 |    398 |   1 | 3160.0 |
       Dungeon |   3160 |   3160 |      0 |   1695 |    398 |   1 | 3160.0 |
               +--------+--------+--------+--------+--------+-----+--------+

Top non-repeatable levels by time:
       D: 3160 daAuts
